 Dungeon Crawl Stone Soup version 0.22.1-6-g1668fe2 (webtiles) character file.

1894 Limulus the Fighter (level 8, -6/85 HPs)
             Began as a Green Draconian Wanderer on Jan 21, 2019.
             Was a Follower of Uskayaw.
             Splashed by a big kobold's acid (14 damage)
             ... on level 6 of the Dungeon.
             The game lasted 00:29:44 (8147 turns).

Limulus the Fighter (Green Draconian Wanderer)      Turns: 8147, Time: 00:29:45

Health: -6/85      AC: 11    Str: 18    XL:     8   Next: 93%
Magic:  17/17      EV: 11    Int: 10    God:    Uskayaw [*.....]
Gold:   279        SH:  0    Dex: 12    Spells: 7/7 levels left

rFire    . . .     SeeInvis .   a - +1 quarterstaff (protect)
rCold    + + .     Gourm    .   (shield currently unavailable)
rNeg     . . .     Faith    .   (armour unavailable)
rPois    +         Spirit   .   (helmet restricted)
rElec    .         Reflect  .   t - +2 cloak
rCorr    .         Harm     .   f - +2 pair of gloves of the Tortoise {*Slow rC+ MR+ MP+9}
MR       ++...                  (no boots)
Stlth    +.........             (no amulet)
HPRegen  0.24/turn              j - ring of protection from cold
MPRegen  0.15/turn              k - ring of protection from magic

@: short of breath, corroded, protection aura
A: breathe noxious fumes, unfitting armour, poison resistance, cold-blooded, AC
+6
a: Breathe Noxious Fumes, Stomp, Renounce Religion


You were on level 6 of the Dungeon.
You worshipped Uskayaw.
Uskayaw was noncommittal.
You were hungry.

You visited 2 branches of the dungeon, and saw 7 of its levels.

You collected 279 gold pieces.

Inventory:

Hand Weapons
 a - a +1 quarterstaff of protection (weapon)
 b - a +0 blowgun
 h - a +0 whip
 o - a +0 rapier
 r - a +0 hand axe
 s - a +2 whip of flaming
 v - a +0 whip of electrocution
 y - a +0 hand axe of venom
Missiles
 g - 142 stones (quivered)
 m - 27 poisoned needles
 A - 3 needles of frenzy
 B - a tomahawk of dispersal
Armour
 f - the +2 pair of gloves of the Tortoise (worn) {*Slow rC+ MR+ MP+9}
   (You found it on level 5 of the Dungeon)

   It protects you from cold.
   It affects your resistance to hostile enchantments.
   It affects your magic capacity (+9).
   It may slow you when you take damage.
 t - a +2 cloak (worn)
 z - a +1 pair of boots
Jewellery
 j - a ring of protection from cold (left hand)
 k - a ring of protection from magic (right hand)
Scrolls
 p - 3 scrolls of teleportation
 w - 2 scrolls of identify
 x - a scroll of blinking
Potions
 c - 2 potions of lignification
 e - 2 potions of flight
 i - 2 potions of might
 l - a potion of magic
 n - a potion of haste {unknown}
 q - a potion of mutation {unknown}
 u - a potion of invisibility {unknown}
Comestibles
 d - 5 rations


   Skills:
 + Level 12.7 Fighting
 - Level 2.0 Axes
 - Level 1.0 Throwing
 - Level 1.0 Dodging
   Level 1.0 Conjurations
   Level 2.0 Summonings
   Level 1.0 Evocations


You had 7 spell levels left.
You didn't know any spells.
Your spell library contained the following spells:

 Spells                   Type           Power        Failure   Level  Hunger
 Magic Dart               Conj           #...         26%         1    ##.....
 Call Imp                 Summ           #.......     26%         2    ###....
 Blink                    Tloc           N/A          50%         2    ###....
 Slow                     Hex            #.......     50%         2    ###....
 Conjure Flame            Conj/Fire      #.......     67%         3    ####...
 Mephitic Cloud           Conj/Pois/Air  #.......     69%         3    ####...


Dungeon Overview and Level Annotations

Branches:
Dungeon (6/15)             Temple (1/1) D:4

Altars:
Ashenzari
Dithmenos
Fedhas
Gozag
Hepliaklqana
Kikubaaqudgha
Makhleb
Okawaru
Ru
Sif Muna
Trog
Uskayaw
Yredelemnul
Zin
The Shining One

Shops:
D:6 [

Annotations:
D:4 exclusion: downstairs
D:5 exclusion: downstairs


Innate Abilities, Weirdness & Mutations

You can breathe blasts of noxious fumes.
Your lurid green scales are hard. (AC +6)
You cannot fit into any form of body armour.
Your system is resistant to poisons. (rPois)
You are cold-blooded and may be slowed by cold attacks.


Message History

You barely miss the big kobold.
The big kobold hits you but does no damage.
The big kobold hits you.
* * * LOW HITPOINT WARNING * * *
Unknown command.
You hit the big kobold but do no damage.
The big kobold hits you.
* * * LOW HITPOINT WARNING * * *
You hit the big kobold.
The big kobold is lightly wounded.
The big kobold closely misses you.
You barely miss the big kobold. You tail-slap the big kobold.
The big kobold is lightly wounded.
The big kobold zaps a wand.
The bolt of acid misses you.
You hit the big kobold.
The big kobold is moderately wounded.
The big kobold zaps a wand.
The bolt of acid hits you!
* * * LOW HITPOINT WARNING * * *
The acid corrodes you!
You are splashed with acid!
The acid burns!
You die...

♣P≈≈≈≈≈≈≈≈≈≈♣ ##.........
#≈≈≈P≈≈≈P≈≈≈# #....###### #
#PP≈P≈P≈≈P≈≈# #...## .
#≈≈P≈≈≈≈≈P≈≈# #..## ..
#≈≈PPP≈PP≈≈≈####..##
8.######P≈≈PP.P≈PP÷.).....#
..>.....≈P.≈P...P.≈.####..######
.%J....(............# ##......##
#..............K@...# ##.....#.
....(.....########.## #..(>...
..........# ### ##......≈
.......#### #...(..P≈ .......#
#....((♣≈ .......# #.....P≈≈
........ #....♣♣P≈ .......#.
#....♣♣≈P .......### #..(≈P≈≈P


You could see a big kobold.

Vanquished Creatures
  Pikel (D:4)
  Grinder (D:6)
  2 big kobolds (D:6)
  3 bullfrogs
  2 scorpions
  A howler monkey (D:4)
  3 electric eels (D:6)
  2 crimson imps (D:5)
  A centaur zombie (D:5)
  3 hounds
  3 orc priests
  5 orc wizards
  4 worker ants
  A hound skeleton (D:6)
  A worker ant zombie (D:5)
  6 adders
  2 shadow imps (D:5)
  An adder skeleton (D:6)
  A worm (D:3)
  3 leopard geckos
  8 orcs
  4 giant cockroaches
  7 goblins
  8 hobgoblins
  A ball python (D:3)
  5 bats
  4 frilled lizards
  2 jackal skeletons (D:5)
  8 kobolds
  A leopard gecko skeleton (D:6)
  A quokka zombie (D:6)
  11 rats
  A spectral orc (D:3)
  A plant (D:6)
108 creatures vanquished.

Vanquished Creatures (others)
  A slave (D:4)
  An orc wizard (D:4)
  An orc priest (D:4)
  An orc (D:4)
  A plant (D:6)
5 creatures vanquished.

Grand Total: 113 creatures vanquished

Notes
Turn   | Place    | Note
-------+----------+-------------------------------------------
     0 | D:1      | Limulus the Draconian Wanderer began the quest for the Orb.
     0 | D:1      | Limulus set off with: a +0 hand axe, a potion of
                  | lignification, a ration
     0 | D:1      | Reached XP level 1. HP: 22/22 MP: 1/1
   331 | D:1      | Reached XP level 2. HP: 28/28 MP: 2/2
   347 | D:1      | Reached skill level 1 in Dodging
  1078 | D:2      | Reached XP level 3. HP: 31/34 MP: 3/3
  1109 | D:2      | Reached skill level 5 in Fighting
  2222 | D:3      | Reached XP level 4. HP: 37/42 MP: 4/4
  2985 | D:3      | Found a basalt altar of Yredelemnul.
  3104 | D:4      | Reached skill level 6 in Fighting
  3211 | D:4      | Reached XP level 5. HP: 45/51 MP: 5/5
  3371 | D:4      | Found a staircase to the Ecumenical Temple.
  3378 | Temple   | Entered the Ecumenical Temple
  3491 | Temple   | Became a worshipper of Uskayaw the Reveler
  3539 | D:4      | Noticed Pikel
  3542 | D:4      | Noticed a slave
  3545 | D:4      | Noticed a slave
  3550 | D:4      | Noticed a slave
  3573 | D:4      | Noticed a slave
  3581 | D:4      | Reached * piety under Uskayaw
  3583 | D:4      | Reached ** piety under Uskayaw
  3584 | D:4      | Killed Pikel
  3584 | D:4      | Reached skill level 9 in Fighting
  3584 | D:4      | Reached XP level 6. HP: 37/63 MP: 6/6
  3584 | D:4      | Your scales start taking on a lurid green colour.
  3584 | D:4      | Reached XP level 7. HP: 42/70 MP: 7/7
  3584 | D:4      | Gained mutation: Your system is resistant to poisons.
                  | (rPois) [Green Draconian growth]
  3767 | D:4      | Found an opulent altar of Gozag.
  4332 | D:5      | Entered Level 5 of the Dungeon
  4332 | D:5      | Found a hazy altar of Hepliaklqana.
  4343 | D:5      | Got a pair of dazzling gloves
  4349 | D:5      | Identified the +2 pair of gloves of the Tortoise {*Slow rC+
                  | MR+ MP+9} (You found it on level 5 of the Dungeon)
  4497 | D:5      | Reached *** piety under Uskayaw
  4500 | D:5      | Reached **** piety under Uskayaw
  4614 | D:5      | Found a shattered altar of Ashenzari.
  4653 | D:5      | Reached skill level 10 in Fighting
  5258 | D:5      | Found a glowing golden altar of the Shining One.
  5467 | D:5      | Reached XP level 8. HP: 81/81 MP: 8/8
  5617 | D:5      | Found a deep blue altar of Sif Muna.
  5837 | D:5      | Reached skill level 11 in Fighting
  5845 | D:6      | Found Effourrey's Antique Armour Emporium.
  6938 | D:6      | Noticed Grinder
  6955 | D:6      | Killed Grinder
  6955 | D:6      | Reached skill level 12 in Fighting
  8147 | D:6      | Splashed by a big kobold's acid

Skill      XL: |  1  2  3  4  5  6  7  8 |
---------------+-------------------------+-----
Dodging        | 1 |  1.0
Axes           | 2 |  2.0
Fighting       | 5 6 9 10 12 | 12.7
Throwing       | |  1.0
Conjurations   | |  1.0
Summonings     | |  2.0
Evocations     | |  1.0

Action                   |  1- 3 |  4- 6 |  7- 9 || total
-------------------------+-------+-------+-------++-------
Melee: Hand axe          |    41 |       |       ||    41
       Tailslap          |    11 |     1 |    40 ||    52
       Whip              |    64 |    17 |       ||    81
       Quarterstaff      |       |    41 |   269 ||   310
 Fire: Blowgun           |       |    23 |    44 ||    67
Throw: Stone             |    16 |       |       ||    16
Invok: Stomp             |       |       |     1 ||     1
       Line Pass         |       |       |     1 ||     1
 Abil: Breathe Noxious F |       |       |     5 ||     5
  Use: Scroll            |     2 |     1 |     8 ||    11
       Potion            |       |       |     1 ||     1
 Stab: Paralysed         |       |       |     2 ||     2
       Confused          |       |       |     1 ||     1
  Eat: Chunk             |     4 |     4 |     9 ||    17
       Ration            |       |       |     2 ||     2
Armor: Skin              |    26 |    28 |   132 ||   186
Dodge: Dodged            |    70 |    33 |   129 ||   232
